AoeStats
← Sodowoo

Glade

503159653Analyzed
1v1 RM · 10d ago on Aug 30, 2026· 28m 31s· 2 players
Game mode
Random Map
Map size
Tiny (2 player)
Population
200
Speed
Normal
Resources
Standard
Victory
Conquest
Starting age
Dark Age
Ending age
Imperial Age
RankedLock teamsTeams togetherTeam positionsShared explorationLock speedFull tech treeHidden civsTurbo modeCheats
Victory
Defeat
🇷🇴 Romans · Romania
970
+17
🇨🇱 Tatars · Chile
986
-44
Sodowoo
7:24 Loom
11:22 Feudal Age
17:35 Double-Bit Axe
20:03 Castle Age
18:54 Stone Mining
21:22 Horse Collar
21:49 Double-Bit Axe
22:24 Fletching
23:12 Bow Saw
23:19 Heavy Plow
24:31 Bodkin Arrow
Tuko00o
7:37 Loom
9:52 Feudal Age
18:16 Castle Age
17:04 Double-Bit Axe
20:25 Gold Mining
23:31 Squires
24:17 Horse Collar
25:19 Pikeman
25:45 Arson
26:00 Stone Mining
28:14 Bow Saw
Connection lost

Rejoining the realm…

Still unreachable

The connection could not be restored.

Session expired

The server has moved on; the page needs a fresh start.